 Dungeon Crawl Stone Soup version 0.26.0-7-g794d0892b4 (webtiles) character file.

Game seed: 8669460392943126751

3648 Drevant2 the Spear-Bearer (level 9, 0/68 HPs)
             Began as a Demonspawn Gladiator on Jan 11, 2021.
             Was an Initiate of Gozag.
             Slain by a vampire (5 damage)
             ... on level 9 of the Dungeon.
             The game lasted 00:29:53 (12611 turns).

Drevant2 the Spear-Bearer (Demonspawn Gladiator)   Turns: 12611, Time: 00:29:54

Health: 0/68       AC: 11    Str: 14    XL:     9   Next: 88%
Magic:  0/9        EV: 10    Int: 10    God:    Gozag
Gold:   755        SH:  0    Dex: 18    Spells: 8/8 levels left

rFire    + . .     SeeInvis .   a - +0 trident
rCold    + + +     Faith    .   (no shield)
rNeg     . . .     Spirit   +   u - +2 scale mail {rC+}
rPois    +         Reflect  .   v - +2 hat
rElec    +         Harm     .   (no cloak)
rCorr    +         Rampage  .   (no gloves)
Will     .....                  (no boots)
Stlth    ..........             r - amulet of guardian spirit
HPRegen  0.21/turn              h - ring of protection from cold
MPRegen  0.11/turn              (no ring)

@: resistant
A: claws 1, hooves 1, horns 2, powered by pain 1, magic shield
a: Renounce Religion, Potion Petition, Call Merchant, Bribe Branch


You were on level 9 of the Dungeon.
You worshipped Gozag.
Gozag was pleased with you.
You visited 2 branches of the dungeon, and saw 10 of its levels.

You collected 852 gold pieces.
You paid 97 gold pieces to Gozag.

Inventory:

Hand Weapons
 a - a +0 trident (weapon)
Armour
 b - a +0 leather armour
 c - a +0 helmet
 t - a +0 chain mail
 u - a +2 scale mail of cold resistance (worn)
 v - a +2 hat (worn)
 A - a +0 cloak
Jewellery
 h - a ring of protection from cold (left claw)
 r - an amulet of guardian spirit (around neck)
Wands
 p - a wand of iceblast (6)
 D - a wand of acid (20)
 E - a wand of flame (14)
Scrolls
 d - 2 scrolls of holy word {unknown}
 e - 2 scrolls of noise
 g - 7 scrolls of identify
 j - 2 scrolls of enchant armour {unknown}
 l - a scroll of magic mapping
 n - 4 scrolls of remove curse
 q - a scroll of fog {unknown}
 y - 2 scrolls of teleportation
 B - 3 scrolls of blinking {unknown}
 F - a scroll of immolation {unknown}
Potions
 f - 4 potions of mutation {unknown}
 i - a potion of curing
 k - a potion of haste {unknown}
 m - a potion of invisibility {unknown}
 o - a potion of resistance
 s - a potion of ambrosia {unknown}
 w - a potion of might {unknown}
 x - a potion of brilliance {unknown}
 z - 2 potions of cancellation {unknown}
 C - a potion of lignification {unknown}


   Skills:
 - Level 5.0 Fighting
 * Level 11.1 Polearms
 - Level 1.7 Throwing
 - Level 5.5 Armour
 - Level 2.6 Dodging


You had 8 spell levels left.
You didn't know any spells.
Your spell library contained the following spells:

 Spells                   Type           Power        Failure   Level
 Confusing Touch          Hex            0%           99%         3
 Gell's Gravitas          Tloc           0%           99%         3
 Petrify                  Tmut/Erth      0%           100%        4
 Metabolic Englaciation   Hex/Ice        0%           100%        5
 Yara's Violent Unravell  Hex/Tmut       0%           100%        5


Dungeon Overview and Level Annotations

Branches:
Dungeon (9/15)             Temple (1/1) D:5
   Lair: D:8-11         Orc: D:9-12

Altars:
Ashenzari
Cheibriados
Dithmenos
Elyvilon
Fedhas
Gozag
Hepliaklqana
Kikubaaqudgha
Makhleb
Nemelex Xobeh
Okawaru
Qazlal
Ru
Sif Muna
Trog
Uskayaw
Vehumet
Wu Jian
Xom
Yredelemnul
Zin
The Shining One

Annotations:
D:8 Gastronok


Innate Abilities, Weirdness & Mutations

You have sharp fingernails.
You have large cloven feet.
You have a pair of horns on your head.
You sometimes gain a little power by taking damage.
When hurt, damage is shared between your health and your magic reserves.


Message History

Something hits you but does no damage. Something bites you.
Something draws strength from your injuries!
You barely miss something. You kick something.
Something hits you but does no damage. Something bites you but does no damage.
You hit something but do no damage. You kick something.
It was a potion of resistance.
You feel protected. Something hits you!
* * * LOW HITPOINT WARNING * * *
Something bites you but does no damage.
Okay, then.
You puncture something! Something hits you!
* * * LOW HITPOINT WARNING * * *
Something bites you.
Something draws strength from your injuries!
You hit something. Your kick misses something. Something hits you.
* * * LOW HITPOINT WARNING * * *
Something bites you.
You die...
Your body crumbles into a pile of gold.

#...#..........#...
#...#..........'...
#...'..........#...
#...#.......(..#...
#...#..........#...
#...#..........#...
#...#..........####
#.$.#..............
##@##..............
#.....{.#..........#...
#...#...#..........#...
#.. ....#.....<....#...
#. .....#..........##'#
# ###...#..........#...
#...#..........#...
#...#..........#...
#..........#...


There were no monsters in sight!

Vanquished Creatures
  Maggie (D:8)
  Grinder (D:5)
  A shadow (D:7)
  Menkaure (D:7)
  Edmund (D:4)
  2 sky beasts
  2 orc warriors (D:8)
  An ogre (D:4)
  7 centaurs
  5 bullfrogs
  2 scorpions
  5 killer bees (D:8)
  A bullfrog zombie (D:5)
  A centaur zombie (D:8)
  2 centaur skeletons (D:8)
  5 orc priests
  A hound (D:7)
  2 jellies (D:8)
  5 orc wizards
  Jessica (D:2)
  4 iguanas
  Ijyb (D:3)
  5 worker ants
  A howler monkey zombie (D:8)
  Robin (D:2)
  3 adders
  A howler monkey skeleton (D:6)
  11 gnolls
  A shadow imp (D:6)
  3 white imps
  3 ufetubi
  6 worms
  A dart slug (D:1)
  3 leopard geckos
  16 orcs
  A ball python (D:2)
  11 bats
  2 giant cockroaches
  26 goblins
  8 hobgoblins
  2 quokkas
  3 frilled lizards
  3 kobolds
  A leopard gecko skeleton (D:8)
  A quokka zombie (D:7)
  7 rats
172 creatures vanquished.

Vanquished Creatures (others)
  A jelly (D:5)
  A plant (D:2)
2 creatures vanquished.

Grand Total: 174 creatures vanquished

Notes
Turn   | Place    | Note
-------+----------+-------------------------------------------
     0 | D:1      | Drevant2 the Demonspawn Gladiator began the quest for the
                  | Orb.
     0 | D:1      | Reached XP level 1. HP: 16/16 MP: 1/1
   161 | D:1      | Reached skill level 3 in Polearms
   250 | D:1      | Gained mutation: You sometimes gain a little power by
                  | taking damage. [demonic ancestry]
   250 | D:1      | Reached XP level 2. HP: 22/22 MP: 2/2
  1096 | D:2      | HP: 1/22 [adder (3)]
  1101 | D:2      | Gained mutation: You have sharp fingernails. [demonic
                  | ancestry]
  1101 | D:2      | Reached XP level 3. HP: 15/27 MP: 3/3
  1495 | D:2      | Noticed Jessica
  1508 | D:2      | Killed Jessica
  1509 | D:2      | Reached skill level 4 in Polearms
  1850 | D:2      | Found a blossoming altar of Fedhas.
  1918 | D:2      | Gained mutation: You have a pair of small horns on your
                  | head. [demonic ancestry]
  1918 | D:2      | Reached XP level 4. HP: 33/33 MP: 4/4
  1960 | D:2      | Noticed Robin
  2329 | D:2      | Killed Robin
  2880 | D:3      | Noticed Ijyb
  3162 | D:3      | Reached skill level 5 in Polearms
  3368 | D:3      | Killed Ijyb
  3369 | D:3      | Reached XP level 5. HP: 19/38 MP: 5/5
  3941 | D:4      | Noticed Edmund
  4828 | D:4      | Noticed an ogre
  4958 | D:5      | Entered Level 5 of the Dungeon
  4958 | D:5      | Found a radiant altar of Vehumet.
  4978 | D:5      | Reached skill level 6 in Polearms
  5050 | D:5      | Noticed Grinder
  5079 | D:5      | Noticed a centaur
  5093 | D:5      | Killed a centaur
  5094 | D:5      | Gained mutation: When hurt, damage is shared between your
                  | health and your magic reserves. [demonic ancestry]
  5094 | D:5      | Reached XP level 6. HP: 22/44 MP: 6/6
  5911 | D:5      | Reached skill level 7 in Polearms
  6131 | D:6      | Noticed an orc warrior
  6225 | D:6      | Reached XP level 7. HP: 47/50 MP: 5/7
  6784 | D:7      | Found a glowing silver altar of Zin.
  6784 | D:7      | Found a shimmering altar of Xom.
  6784 | D:7      | Found a shadowy altar of Dithmenos.
  6874 | D:7      | Reached skill level 8 in Polearms
  7256 | D:6      | Found a sacrificial altar of Ru.
  7832 | D:5      | Found a staircase to the Ecumenical Temple.
  7949 | Temple   | Entered the Ecumenical Temple
  8084 | Temple   | Became a worshipper of Gozag Ym Sagoz the Greedy
  8158 | D:5      | Killed Grinder
  8159 | D:5      | Reached skill level 9 in Polearms
  8159 | D:5      | Gained mutation: You have large cloven feet. [demonic
                  | ancestry]
  8159 | D:5      | Reached XP level 8. HP: 28/56 MP: 4/8
  8327 | D:4      | Killed Edmund
  8526 | D:6      | Identified the +3 chain mail "Ehud" {rPois rCorr}
  8700 | D:7      | Noticed Menkaure
  8710 | D:7      | Killed Menkaure
  8927 | D:7      | Reached skill level 5 in Armour
  9177 | D:7      | Gained mutation: You have a pair of horns on your head.
                  | [demonic ancestry]
  9177 | D:7      | Reached XP level 9. HP: 39/63 MP: 6/9
  9505 | D:8      | Noticed Gastronok
  9893 | D:8      | Reached skill level 5 in Fighting
 10796 | D:8      | Found an iron altar of Okawaru.
 10796 | D:8      | Found a broken altar of Ashenzari.
 10797 | D:8      | Found a sparkling altar of Nemelex Xobeh.
 10822 | D:8      | Found a white marble altar of Elyvilon.
 10829 | D:8      | Noticed Maggie
 10849 | D:8      | Killed Maggie
 10850 | D:8      | Reached skill level 10 in Polearms
 11979 | D:8      | Reached skill level 11 in Polearms
 12212 | D:8      | Found a bloodstained altar of Trog.
 12213 | D:8      | Found a burning altar of Makhleb.
 12611 | D:9      | Slain by a vampire

Illustrated notes

Levels and vault maps discovered:
D:1:      psy_arrival_statuary, layout_loops_ring, minmay_hedge_maze
D:2:      layout_basic, fedhas_ov_isle_minmay, uniq_jessica, uniq_robin
D:3:      layout_basic, uniq_ijyb
D:4:      layout_rooms, minmay_ogre_servants, uniq_edmund
D:5:      layout_loops_ring, lemuel_crystal_altar, lemuel_temple_firewalk_b,
          uniq_grinder
D:6:      layout_gridville, nicolae_ru_awakened_eye
D:7:      layout_loops_ring, gammafunk_temple_overflow_claw, enter_bailey_3,
          hangedman_decor_diamond_cutter, centaur_isle, uniq_menkaure
D:8:      layout_loops_cross, nicolae_overflow_hidden_temple, elyvilon_altar_3,
          uniq_maggie, uniq_gastronok
D:9:      layout_grid_maze, orc_david_3, makhleb_heckhound_becter
Temple:   jpeg_temple_clearing

Skill      XL: |  1  2  3  4  5  6  7  8  9 |
---------------+----------------------------+-----
Polearms       | 3 4 5 6 7 9 11 | 11.1
Armour         | 5 |  5.5
Fighting       | 3 5 |  5.0
Throwing       | |  1.7
Dodging        | |  2.6

Action                   |  1- 3 |  4- 6 |  7- 9 || total
-------------------------+-------+-------+-------++-------
Melee: Trident           |   100 |   248 |   424 ||   772
       Headbutt          |       |    36 |    86 ||   122
       Kick              |       |       |   100 ||   100
Throw: Throwing net      |       |     4 |       ||     4
  Use: Potion            |     1 |       |     8 ||     9
       Scroll            |       |     5 |     1 ||     6
 Stab: Distracted        |     1 |       |       ||     1
       Sleeping          |     1 |     2 |       ||     3
       Held in net/web   |       |     1 |       ||     1
Armor: Leather armour    |    32 |    27 |       ||    59
       Scale mail        |       |    32 |   146 ||   178
Dodge: Dodged            |    48 |   134 |   172 ||   354
